 Dungeon Crawl Stone Soup version 0.29.1-12-g30fa7ad0bf (webtiles) character file.

Game seed: 15277308019698124446

1975 EarthwalkerPL the Covered (level 9, 0/79 HPs)
             Began as a Minotaur Fighter on Dec 21, 2022.
             Was a Believer of Okawaru.
             Splashed by a brown ugly thing's acid (6 damage)
             ... on level 7 of the Dungeon.
             The game lasted 00:11:46 (6213 turns).

EarthwalkerPL the Covered (Minotaur Fighter)        Turns: 6213, Time: 00:11:47

Health: 0/79       AC:  5    Str: 24    XL:     9   Next: 0%
Magic:  8/8        EV:  7    Int:  7    God:    Okawaru [**....]
Gold:   473        SH: 10    Dex: 11    Spells: 8/8 levels left

rFire   + + .      SeeInvis .   a - +0 war axe
rCold   . . .      Faith    .   E - +0 kite shield
rNeg    . . .      Spirit   .   O - +0 plate armour
rPois   .          Reflect  .   (helmet restricted)
rElec   .          Harm     .   (no cloak)
rCorr   .          Rampage  .   (no gloves)
Will    .....                   (no boots)
Stlth   ..........              H - amulet of Gozag's Esteem {RegenMP rF++ Will- Regen+ Int+2}
HPRegen 1.03/turn               q - ring of flight
MPRegen 0.51/turn               (no ring)

@: corroded, flying
A: horns 2, retaliatory headbutt
a: Renounce Religion, Heroism


You were on level 7 of the Dungeon.
You worshipped Okawaru.
Okawaru was pleased with you.
You visited 2 branches of the dungeon, and saw 8 of its levels.

You collected 473 gold pieces.

Inventory:

Hand Weapons
 a - a +0 war axe (weapon)
Missiles
 l - 12 curare-tipped darts (quivered)
 p - 2 atropa-tipped darts
 r - 9 poisoned darts
Armour
 b - a +0 scale mail
 c - a +0 buckler
 o - a +2 ring mail of fire resistance
 E - a +0 kite shield (worn)
 O - a +0 plate armour (worn)
Jewellery
 q - a ring of flight (left hand)
 C - a ring of magical power
 H - the amulet of Gozag's Esteem (around neck) {RegenMP rF++ Will- Regen+ Int+2}
   (You found it on level 5 of the Dungeon)

   [amulet of magic regeneration]

   It increases your rate of magic regeneration.
   Int:       It affects your intelligence (+2).
   rF:        It greatly protects you from fire.
   Regen:     It increases your rate of health regeneration.
   Will:      It decreases your willpower.
 J - a +6 ring of dexterity
Wands
 m - a wand of charming (9)
 x - a wand of mindburst (2)
 M - a wand of iceblast (9)
Scrolls
 g - 7 scrolls of identify {unknown}
 j - a scroll of teleportation {unknown}
 k - 2 scrolls of amnesia {unknown}
 n - a scroll of magic mapping {unknown}
 s - 2 scrolls of enchant weapon {unknown}
 w - a scroll of summoning {unknown}
 A - 2 scrolls of enchant armour {unknown}
 G - a scroll of butterflies {unknown}
 I - a scroll of poison {unknown}
 K - a scroll of torment {unknown}
 L - 2 scrolls of vulnerability {unknown}
 N - a scroll of fear {unknown}
Potions
 d - 2 potions of might
 e - 3 potions of curing {unknown}
 f - 3 potions of brilliance {unknown}
 h - 2 potions of magic {unknown}
 i - a potion of berserk rage {unknown}
 t - a potion of resistance {unknown}
 u - 3 potions of attraction {unknown}
 v - 3 potions of heal wounds
 z - a potion of invisibility {unknown}
 B - 2 potions of mutation {unknown}
 D - 2 potions of degeneration {unknown}
 F - a potion of flight {unknown}
 P - 2 potions of haste {unknown}
Miscellaneous
 y - a piece from Xom's chessboard (15/15)


   Skills:
 * Level 7.5 Fighting
 * Level 6.9 Axes
 * Level 7.7 Armour
 + Level 3.9 Dodging
 * Level 7.5 Shields


You had 8 spell levels left.
You didn't know any spells.
Your spell library contained the following spells:

 Spells                   Type           Power      Damage    Failure   Level
 Sting                    Tmut/Pois      0%         1d3       100%        1
 Blink                    Tloc           0%         N/A       100%        2
 Ensorcelled Hibernation  Hex/Ice        0%         N/A       100%        2
 Passwall                 Tmut/Erth      0%         N/A       100%        2
 Poisonous Vapours        Pois/Air       0%         N/A       100%        2
 Swiftness                Air            0%         N/A       100%        3
 Olgreb's Toxic Radiance  Pois           0%         N/A       100%        4
 Manifold Assault         Tloc           0%         N/A       100%        5
 Orb of Destruction       Conj           0%         9d5       100%        7
 Storm Form               Tmut/Air       0%         N/A       100%        7
 Summon Guardian Golem    Hex/Summ       Unusable   N/A       N/A         3
 Spellforged Servitor     Conj/Summ      Unusable   N/A       N/A         7

Dungeon Overview and Level Annotations

Branches:
Dungeon (7/15)             Temple (1/1) D:6

Altars:
Ashenzari
Cheibriados
Dithmenos
Elyvilon
Fedhas
Gozag
Hepliaklqana
Kikubaaqudgha
Nemelex Xobeh
Okawaru
Qazlal
Ru
Sif Muna
Trog
Uskayaw
Vehumet
Wu Jian
Xom
Yredelemnul
Zin
The Shining One

Annotations:
D:5 3 runed translucent doors, 112233's ghost, novice OpFE
D:6 3 runed translucent doors, Toxa551's ghost, novice TrMo; lorin's ghost, novice MiMo


Innate Abilities, Weirdness & Mutations

You have a pair of horns on your head.
You reflexively headbutt those who attack you in melee.


Message History

The brown ugly thing gurgles horribly!
The brown ugly thing attacks as you move away!
The brown ugly thing stings you. The acid corrodes you!
You are splashed with acid.
You slash the brown ugly thing!
The brown ugly thing is lightly wounded.
The brown ugly thing stings you but does no damage.
You hit the brown ugly thing.
Your headbutt misses the brown ugly thing.
The brown ugly thing is moderately wounded.
You block the brown ugly thing's attack.
You barely miss the brown ugly thing.
The brown ugly thing is moderately wounded.
The brown ugly thing stings you! The acid corrodes you!
You are splashed with acid!
The brown ugly thing barely misses you.
You slash the brown ugly thing!
You headbutt the brown ugly thing, but do no damage.
The brown ugly thing is moderately wounded.
You block the brown ugly thing's attack.
You barely miss the brown ugly thing.
The brown ugly thing is moderately wounded.
The brown ugly thing stings you!
You are splashed with acid!
You closely miss the brown ugly thing.
The brown ugly thing is moderately wounded.
The brown ugly thing stings you! The acid corrodes you!
You are splashed with acid!
You hit the brown ugly thing.
You headbutt the brown ugly thing, but do no damage.
The brown ugly thing is moderately wounded.
You block the brown ugly thing's attack.
The brown ugly thing stings you!
* * * LOW HITPOINT WARNING * * *
You are splashed with acid.
* * * LOW HITPOINT WARNING * * *
You barely miss the brown ugly thing.
The brown ugly thing is moderately wounded.
The brown ugly thing stings you!
* * * LOW HITPOINT WARNING * * *
You are splashed with acid.
You die...

# ##....###..####.## .##
####...### ##.....⌠.. ..#
##......# ##..####.##
..####.......# #..## .#
...........### #.###.# .#
..........## ##....###.## .
..####.....# ##.....##...## ..
.).####.......#......#.....#..#
................@u...........
###.........#....#......#.. #
#........###..####.....# #
#........##..# #....###
###..........#.######...#.#
.............#..##.##.....##
#..........................#
##...###...)...............#.
....##.......[.†.............#


You could see a brown ugly thing.

Vanquished Creatures
  Maggie (D:7)
  A vampire mosquito (D:7)
  An orc warrior (D:7)
  An ice beast (D:5)
  2 sky beasts
  A centaur (D:6)
  A kobold brigand (D:5)
  A bullfrog (D:7)
  A necrophage (D:7)
  2 scorpions
  3 killer bees
  A howler monkey (D:7)
  A bullfrog zombie (D:5)
  A hound (D:5)
  2 jellies
  2 orc priests
  Jessica (D:3)
  6 iguanas
  3 orc wizards
  A hound zombie (D:5)
  A mummy (D:5)
  7 adders
  A white imp (D:6)
  An ufetubus (D:5)
  A dart slug (D:4)
  24 orcs
  8 ball pythons
  5 bats
  6 endoplasms
  7 giant cockroaches
  9 goblins
  7 hobgoblins
  4 quokkas
  A frilled lizard (D:3)
  2 hobgoblin zombies (D:5)
  9 kobolds
  A kobold zombie (D:5)
  An orc zombie (D:5)
  6 rats
134 creatures vanquished.

Vanquished Creatures (others)
  6 withered plants (D:6)
6 creatures vanquished.

Grand Total: 140 creatures vanquished

Notes
Turn   | Place    | Note
-------+----------+-------------------------------------------
     0 | D:1      | EarthwalkerPL the Minotaur Fighter began the quest for the
                  | Orb.
     0 | D:1      | Reached XP level 1. HP: 19/19 MP: 0/0
   142 | D:1      | Reached XP level 2. HP: 27/27 MP: 1/1
   618 | D:1      | Reached XP level 3. HP: 33/33 MP: 2/2
  1028 | D:2      | Reached skill level 1 in Dodging
  1036 | D:2      | Reached XP level 4. HP: 40/40 MP: 3/3
  1924 | D:3      | Noticed Jessica
  1928 | D:3      | Killed Jessica
  1929 | D:3      | Reached XP level 5. HP: 41/47 MP: 4/4
  1929 | D:3      | Found a faded altar of an unknown god.
  2753 | D:4      | Found a sacrificial altar of Ru.
  2979 | D:4      | Found a glowing golden altar of the Shining One.
  3068 | D:4      | Found a shimmering altar of Xom.
  3388 | D:4      | Found an iron altar of Okawaru.
  3432 | D:4      | Became a worshipper of Warmaster Okawaru
  3594 | D:4      | Found a shimmering blue altar of Sif Muna.
  3624 | D:4      | Found a stormy altar of Qazlal.
  3733 | D:5      | Entered Level 5 of the Dungeon
  3755 | D:5      | Reached skill level 5 in Fighting
  3755 | D:5      | Reached skill level 5 in Armour
  3755 | D:5      | Reached skill level 5 in Shields
  3755 | D:5      | Reached XP level 6. HP: 38/56 MP: 5/5
  3774 | D:5      | Identified the amulet of Gozag's Esteem {RegenMP rF++ Will-
                  | Regen+ Int+2}
  3887 | D:5      | Noticed an ice beast
  3900 | D:5      | Killed an ice beast
  4025 | D:5      | Found an ancient bone altar of Kikubaaqudgha.
  4045 | D:5      | Found a runed translucent gate.
  4045 | D:5      | Found a runed translucent gate.
  4046 | D:5      | Found a runed translucent gate.
  4047 | D:5      | Noticed 112233's ghost (novice OpFE)
  4224 | D:5      | Found a bloodstained altar of Trog.
  4301 | D:5      | Reached * piety under Okawaru
  4325 | D:5      | Found a white marble altar of Elyvilon.
  4614 | D:5      | Reached XP level 7. HP: 53/61 MP: 6/6
  4625 | D:5      | Found a basalt altar of Yredelemnul.
  4838 | D:6      | Found a staircase to the Ecumenical Temple.
  4929 | D:6      | Found a snail-covered altar of Cheibriados.
  4998 | D:6      | Reached skill level 5 in Axes
  5057 | Temple   | Entered the Ecumenical Temple
  5168 | D:6      | Found a broken altar of Ashenzari.
  5244 | D:6      | Found a runed translucent gate.
  5245 | D:6      | Found a runed translucent gate.
  5246 | D:6      | Found a runed translucent gate.
  5250 | D:6      | Noticed Toxa551's ghost (novice TrMo)
  5250 | D:6      | Noticed lorin's ghost (novice MiMo)
  5345 | D:6      | Found an opulent altar of Gozag.
  5594 | D:7      | Noticed Maggie
  5607 | D:6      | Reached ** piety under Okawaru
  5678 | D:6      | Reached XP level 8. HP: 24/71 MP: 7/7
  5969 | D:7      | Killed Maggie
  6112 | D:7      | Reached XP level 9. HP: 14/79 MP: 8/8
  6202 | D:7      | Noticed a brown ugly thing
  6213 | D:7      | Splashed by a brown ugly thing's acid

Illustrated notes

Levels and vault maps discovered:
D:1:      heliophobic_arrival_glass_houses, layout_basic,
          chequers_serial_rivers_small_b
D:2:      wad_pebble_path, layout_basic
D:3:      layout_basic, hellmonk_ecumenical_altar_lost_god, minmay_misc_feat_x,
          st_stairs_7, chequers_serial_rivers_room_a, uniq_jessica
D:4:      layout_basic, mainiacjoe_overflow_six_doors_small,
          nicolae_ru_great_annihilating_truth, lemuel_tele_altar,
          mainiacjoe_overflow_two_lobes, kennysheep_mini_moat,
          grunt_decor_junction
D:5:      layout_loops_ring, lemuel_crystal_altar, trog_butcher_becter,
          lemuel_zombie_altar_yredelemnul, mainiacjoe_overflow_brackets,
          gammafunk_ghost_necromancy, minmay_mini_ossuary
D:6:      layout_basic, mainiacjoe_overflow_24_doors,
          ashenzari_conservatory_becter, lemuel_round_altar, temple_doors_e,
          gammafunk_ghost_cemetery
D:7:      layout_cave_pools, kb_rosetta, uniq_maggie
Temple:   nicolae_temple_superstar

Skill      XL: |  1  2  3  4  5  6  7  8 |
---------------+-------------------------+-----
Armour         | 4 5 6 7 |  7.7
Shields        | 4 5 6 7 |  7.5
Fighting       | 4 5 6 7 |  7.5
Axes           | 3 4 5 6 |  6.9
Dodging        | 1 2 3 |  3.9

Action                   |  1- 3 |  4- 6 |  7- 9 || total
-------------------------+-------+-------+-------++-------
Melee: War axe           |    55 |   134 |   203 ||   392
       Headbutt          |    10 |    18 |    29 ||    57
 Stab: Invisible         |       |     1 |       ||     1
       Paralysed         |       |     1 |       ||     1
Armor: Scale mail        |    30 |     5 |       ||    35
       Ring mail         |       |    40 |    70 ||   110
       Plate armour      |       |       |    33 ||    33
Dodge: Dodged            |    34 |    62 |    74 ||   170
Block: Buckler           |    12 |    10 |       ||    22
       Kite shield       |       |    34 |   109 ||   143
